 Dungeon Crawl Stone Soup version 0.28-a0-511-gcc94558de3 (webtiles) character file.

Game seed: 16164496328557812561

7429 siradein the Myrmidon (level 10, -2/82 HPs)
             Began as a Demonspawn Hunter on Sept 21, 2021.
             Was an Elder of Okawaru.
             Slain by a two-headed ogre (24 damage)
             ... on level 9 of the Dungeon.
             The game lasted 00:49:47 (12730 turns).

siradein the Myrmidon (Demonspawn Hunter)          Turns: 12730, Time: 00:49:47

Health: -2/82      AC: 11    Str: 12    XL:     10   Next: 93%
Magic:  25/25      EV: 14    Int: 14    God:    Okawaru [****..]
Gold:   524        SH:  4    Dex: 18    Spells: 9/9 levels left

rFire   + . .      SeeInvis .   m - +0 short sword (venom)
rCold   . . .      Faith    .   (no shield)
rNeg    . . .      Spirit   .   g - +1 ring mail "Logelur" {-Cast rF+ Will+++ Dex+2}
rPois   .          Reflect  .   (no helmet)
rElec   .          Harm     .   C - +0 cloak
rCorr   +          Rampage  .   (no gloves)
Will    +++..      NoCast   +   y - +0 pair of boots
Stlth   +.........              Q - amulet of the Skies Above {Regen+}
HPRegen 1.23/turn               e - ring of resist corrosion
MPRegen 0.19/turn               j - ring of magical power

@: slowed, very slow
A: talons 1, slimy green scales 2, powered by pain 1, condensation shield
a: Renounce Religion, Heroism, Finesse


You were on level 9 of the Dungeon.
You worshipped Okawaru.
Okawaru was greatly pleased with you.
You visited 2 branches of the dungeon, and saw 11 of its levels.
You also visited: Sewer.

You collected 524 gold pieces.

Inventory:

Hand Weapons
 a - a +1 hand crossbow
 i - a +0 hunting sling
 m - a +0 short sword of venom (weapon)
 w - a +2 vampiric trident
 G - a +0 shortbow
Missiles
 d - 101 bolts
 h - 58 poisoned darts (quivered)
 k - 3 throwing nets
 r - 86 sling bullets
 H - 5 silver javelins
Armour
 g - the +1 ring mail "Logelur" (worn) {-Cast rF+ Will+++ Dex+2}
   (You found it on level 7 of the Dungeon)

   Dex:       It affects your dexterity (+2).
   rF:        It protects you from fire.
   -Cast:     It prevents spellcasting.
   Will:      It greatly increases your willpower.
 p - a +2 tower shield
 s - a +0 troll leather armour {Purgy}
 y - a +0 pair of boots (worn)
 A - a +1 ring mail of poison resistance
 C - a +0 cloak (worn)
Jewellery
 e - a ring of resist corrosion (left hand)
 j - a ring of magical power (right hand)
 Q - the amulet of the Skies Above (around neck) {Regen+}
   (You found it on level 8 of the Dungeon)

   [amulet of regeneration]

   Regen:     It increases your rate of health regeneration.
Wands
 b - a wand of paralysis (8)
 l - a wand of iceblast (11)
 B - a wand of flame (28)
 J - a wand of acid (3)
Scrolls
 q - 4 scrolls of amnesia
 u - 2 scrolls of magic mapping
 D - a scroll of teleportation
 E - a scroll of vulnerability {unknown}
 F - 3 scrolls of fog
 K - 2 scrolls of enchant armour {unknown}
 N - 4 scrolls of blinking {unknown}
 O - a scroll of enchant weapon {unknown}
 P - a scroll of fear {unknown}
Potions
 c - 2 potions of haste
 f - a potion of lignification {unknown}
 n - 3 potions of might
 o - 2 potions of attraction
 v - 3 potions of brilliance
 x - a potion of curing {unknown}
 z - a potion of ambrosia {unknown}
 I - 2 potions of flight {unknown}
 L - a potion of resistance {unknown}
 M - a potion of mutation {unknown}


   Skills:
 + Level 8.8 Fighting
 + Level 8.6 Crossbows
 + Level 8.1 Dodging
 - Level 0.9 Stealth
 + Level 9.2 Invocations
 + Level 3.7 Evocations


You had 9 spell levels left.
You didn't know any spells.
Your spell library contained the following spells:

 Spells                   Type           Power      Damage    Failure   Level
 Foxfire                  Conj/Fire      0%         2x1d4     54%         1
 Sting                    Tmut/Pois      0%         1d3       54%         1
 Poisonous Vapours        Pois/Air       0%         N/A       69%         2
 Conjure Flame            Conj/Fire      0%         6-21      89%         3
 Inner Flame              Hex/Fire       0%         N/A       89%         3
 Portal Projectile        Hex/Tloc       0%         N/A       89%         3
 Flame Wave               Conj/Fire      0%         3d3       100%        4
 Olgreb's Toxic Radiance  Pois           0%         N/A       100%        4
 Blade Hands              Tmut           0%         N/A       100%        5
 Excruciating Wounds      Necr           0%         N/A       100%        5


Dungeon Overview and Level Annotations

Branches:
Dungeon (10/15)            Temple (1/1) D:5            Lair (0/6) D:9
    Orc (0/2) D:9           Sewer (visited)

Altars:
Ashenzari
Cheibriados
Dithmenos
Elyvilon
Fedhas
Gozag
Hepliaklqana
Kikubaaqudgha
Makhleb
Nemelex Xobeh
Okawaru
Qazlal
Ru
Sif Muna
Trog
Uskayaw
Vehumet
Wu Jian
Xom
Yredelemnul
Zin
The Shining One

Shops:
D:6 :

Annotations:
D:9 exclusion: ice statue


Innate Abilities, Weirdness & Mutations

You have sharp toenails.
You are mostly covered in slimy green scales. (AC +3)
You sometimes gain a little power by taking damage.
A meltable shield of frost defends you. (SH +4)


Message History

Aim: a two-headed ogre, wielding two +0 giant clubs (lightly wounded, about 21% to evade your +2 vampiric trident)
The wraith is in the way.
You hit the wraith.
The wraith is almost destroyed.
The wraith barely misses you. You block the wraith's attack.
The wraith barely misses you.
Reach: w) +2 trident (vamp)
Press: ? - help, Dir - move target, f/p - two-headed ogre
Aim: a two-headed ogre, wielding two +0 giant clubs (lightly wounded, about 21% to evade your +2 vampiric trident)
You reach to attack!
You hit the two-headed ogre.
You feel better.
The two-headed ogre is moderately wounded.
The wraith completely misses you. The wraith barely misses you.
Reach: w) +2 trident (vamp)
Press: ? - help, Dir - move target, f/p - two-headed ogre
Aim: a two-headed ogre, wielding two +0 giant clubs (moderately wounded, about 21% to evade your +2 vampiric trident)
The wraith is in the way.
You barely miss the wraith.
The wraith is almost destroyed.
The wraith hits you. The wraith drains your vigour!
You feel as though you will be slow longer.
The wraith hits you but does no damage.
Reach: w) +2 trident (vamp)
Press: ? - help, Dir - move target, f/p - two-headed ogre
Aim: a two-headed ogre, wielding two +0 giant clubs (moderately wounded, about 21% to evade your +2 vampiric trident)
The wraith is in the way.
You hit the wraith.
You destroy the wraith!
Okawaru accepts your kill.
The two-headed ogre hits you with a +0 giant club! x2
You feel the dreadful sensation subside.
Your +0 short sword of venom begins to drip with poison!
m - a +0 short sword of venom (weapon)
The two-headed ogre hits you with a +0 giant club!!
The two-headed ogre barely misses you.
You block the two-headed ogre's attack. x2
The two-headed ogre hits you with a +0 giant club!!
You block the two-headed ogre's attack.
The two-headed ogre completely misses you.
You block the two-headed ogre's attack.
The two-headed ogre hits you with a +0 giant club!
* * * LOW HITPOINT WARNING * * *
The two-headed ogre hits you with a +0 giant club!!
You die...

##..≈≈≈≈≈..##.##.# ##....PP......
.....###........## #..#...P....P.
......#..####...# #...P..P.P....
........## ##...# #...##........
........# #...## ##.####.....##
........####....## ##......#..##
##.........#...#.####..#...##...#
####....)...#....#.......####..#
##.........O@....##...# #...
##.......#####..###..## #...
##......# ##..###..###... ##
#.......# #...##.....###
.###########..# ###..#......#
..##..).......# ###.........#.###
#....###)###..###(....#.....#...'
###..#8...8#.....#####.......#..#
##...#...|.#...### #>......#.##


You could see a two-headed ogre.

Vanquished Creatures
  A cyclops (D:6)
  A komodo dragon (D:9)
  A troll (D:8)
  A hornet (D:7)
  A wraith (D:9)
  4 yaks (D:9)
  2 steam dragons (D:8)
  4 water moccasins (D:9)
  7 orc warriors
  An ice beast (D:7)
  Purgy (Sewer)
  A sky beast (D:4)
  3 black bears
  A necrophage (D:8)
  6 ogres
  3 centaurs
  4 kobold brigands
  3 bullfrogs
  6 gnoll sergeants
  6 scorpions
  2 wyvern skeletons (D:7)
  3 killer bees
  3 vampire bats (D:6)
  2 howler monkeys (D:4)
  4 centaur zombies
  A bullfrog zombie (D:5)
  3 hounds
  3 jellies
  2 bullfrog skeletons
  2 centaur skeletons
  5 orc priests
  A gnoll shaman (D:6)
  3 iguanas (D:6)
  6 orc wizards
  A hound zombie (D:3)
  6 adders
  18 gnolls
  3 river rats (D:3)
  A shadow imp (D:6)
  9 ufetubi
  A worm (D:3)
  23 orcs
  5 ball pythons
  21 bats
  10 endoplasms
  6 giant cockroaches
  9 goblins
  9 hobgoblins
  2 jackals (Sewer)
  23 kobolds
  3 quokkas
  3 frilled lizards
  5 rats
255 creatures vanquished.

Vanquished Creatures (others)
  42 fungi
  35 plants (D:9)
77 creatures vanquished.

Grand Total: 332 creatures vanquished

Notes
Turn   | Place    | Note
-------+----------+-------------------------------------------
     0 | D:1      | siradein the Demonspawn Hunter began the quest for the Orb.
     0 | D:1      | Reached XP level 1. HP: 16/16 MP: 1/1
   256 | D:1      | Gained mutation: You are partially covered in slimy green
                  | scales. (AC +2) [demonic ancestry]
   256 | D:1      | Reached XP level 2. HP: 22/22 MP: 2/2
   314 | D:1      | Found a faded altar of an unknown god.
   841 | D:1      | Reached XP level 3. HP: 24/28 MP: 3/3
  1551 | D:1      | Gained mutation: A meltable shield of frost defends you.
                  | (SH +4) [demonic ancestry]
  1551 | D:1      | Reached XP level 4. HP: 23/34 MP: 4/4
  2573 | D:3      | Found a glowing drain.
  2614 | D:3      | Reached XP level 5. HP: 20/41 MP: 5/5
  2707 | Sewer    | Entered a sewer
  2883 | Sewer    | Noticed Purgy
  2902 | Sewer    | Killed Purgy
  3117 | D:3      | Reached XP level 6. HP: 48/48 MP: 6/6
  3146 | D:3      | Found a hide-covered altar of Uskayaw.
  3398 | D:3      | Found an opulent altar of Gozag.
  3754 | D:4      | Reached skill level 5 in Crossbows
  4284 | D:4      | Gained mutation: You are mostly covered in slimy green
                  | scales. (AC +3) [demonic ancestry]
  4284 | D:4      | Reached XP level 7. HP: 55/55 MP: 7/7
  4704 | D:4      | Reached skill level 5 in Fighting
  4764 | D:5      | Entered Level 5 of the Dungeon
  4789 | D:5      | Found a staircase to the Ecumenical Temple.
  4798 | Temple   | Entered the Ecumenical Temple
  4839 | Temple   | Became a worshipper of Warmaster Okawaru
  5055 | D:5      | Reached skill level 1 in Invocations
  5249 | D:5      | Found a basalt altar of Yredelemnul.
  5249 | D:5      | Found an ornate altar of the Wu Jian Council.
  5445 | D:5      | Reached skill level 5 in Dodging
  5445 | D:5      | Reached skill level 2 in Invocations
  6056 | D:6      | Reached XP level 8. HP: 62/63 MP: 9/9
  6296 | D:6      | Reached skill level 3 in Invocations
  6359 | D:6      | Reached * piety under Okawaru
  6771 | D:6      | Reached skill level 4 in Invocations
  6866 | D:6      | Found Peerhua's Self-Improvement Boutique.
  6915 | D:6      | Noticed a cyclops
  6929 | D:6      | Killed a cyclops
  6930 | D:6      | Reached skill level 5 in Invocations
  6965 | D:6      | Found an ancient bone altar of Kikubaaqudgha.
  7009 | D:6      | Reached ** piety under Okawaru
  7096 | D:7      | Identified the +1 ring mail "Logelur" {-Cast rF+ Will+++
                  | Dex+2}
  7141 | D:7      | Gained mutation: You sometimes gain a little power by
                  | taking damage. [demonic ancestry]
  7141 | D:7      | Reached XP level 9. HP: 71/71 MP: 12/12
  7142 | D:7      | Identified the +4 flail of the Dragonfly {vorpal, *Rage}
  7626 | D:7      | Found a snail-covered altar of Cheibriados.
  8310 | D:7      | Reached skill level 6 in Invocations
  8816 | D:8      | Paralysed by a hornet for 1 turns
  8847 | D:7      | Reached *** piety under Okawaru
  9103 | D:8      | Reached skill level 7 in Invocations
  9305 | D:8      | Identified the amulet of the Skies Above {Regen+}
  9862 | D:9      | Noticed an ice devil
 10059 | D:9      | Gained mutation: You have sharp toenails. [demonic
                  | ancestry]
 10059 | D:9      | Reached XP level 10. HP: 57/80 MP: 15/15
 10133 | D:8      | Reached skill level 1 in Evocations
 10229 | D:9      | Reached **** piety under Okawaru
 10407 | D:9      | Reached skill level 8 in Invocations
 10547 | D:9      | Found a staircase to the Lair.
 10590 | D:9      | Noticed an ice statue
 10911 | D:9      | Found a staircase to the Orcish Mines.
 10939 | D:9      | Received a gift from Okawaru
 11446 | D:9      | Received a gift from Okawaru
 11700 | D:9      | Reached skill level 9 in Invocations
 12640 | D:10     | Entered Level 10 of the Dungeon
 12640 | D:10     | Noticed a two-headed ogre
 12730 | D:9      | Slain by a two-headed ogre

Illustrated notes

Levels and vault maps discovered:
D:1:      eino_arrival_druids_welcome, layout_loops_corners,
          shapermc_ecumenical_altar_pompeii, minmay_misc_feat_tower,
          minmay_tiny_reverse_x
D:2:      layout_loops_cross, minmay_misc_feat_plants, minmay_hedge_maze
D:3:      layout_loops_ring, nicolae_overflow_crystal_walls,
          mainiacjoe_overflow_cross_hatched, portal_sewer_entry_b
D:4:      old_forge, layout_loops_corners
D:5:      layout_gridville, gammafunk_temple_overflow_elements,
          minmay_temple_entry_ruins, serial_glass, glass_columns_a,
          glass_columns_c, minmay_misc_feat_rugged, dk_noncrumbling_2
D:6:      layout_gridville, kennysheep_mini_moat, skrybe_limestone_x,
          serial_park_tiny_2, roderic_batcave, hangedman_abyss_or_decor_slice,
          nicolae_shop_self_help
D:7:      layout_cave_pods, cheibriados_altar_1, glass_columns_a
D:8:      kennysheep_ambush_hall, layout_rooms, kennysheep_little_box,
          chequers_decorated_corner
D:9:      cheibrodos_frozen_isle, layout_layer_cave,
          due_lair_maze_entry_diamond, kennysheep_orc_monster_closet_entryway,
          chequers_arboretum
D:10:     layout_big_octagon, uniq_erica
Temple:   regret_index_temple_waves

Skill      XL: |  1  2  3  4  5  6  7  8  9 10 |
---------------+-------------------------------+-----
Dodging        | 2 3 4 5 6 7 8 |  8.1
Crossbows      | 4 5 6 7 8 |  8.6
Fighting       | 3 4 5 6 7 8 |  8.8
Invocations    | 2 5 7 9 |  9.2
Evocations     | 3 |  3.7
Stealth        | |  0.9

Action                   |  1- 3 |  4- 6 |  7- 9 | 10-12 || total
-------------------------+-------+-------+-------+-------++-------
Melee: Short sword       |    42 |   112 |   220 |   172 ||   546
       Flail             |    59 |       |       |       ||    59
       Hunting sling     |       |       |     1 |       ||     1
       Trident           |       |       |   195 |   225 ||   420
       Punch             |       |       |       |     3 ||     3
 Fire: Hunting sling     |       |   128 |   293 |    63 ||   484
       Hand crossbow     |       |     8 |    16 |       ||    24
       Shortbow          |       |       |    60 |   206 ||   266
Throw: Dart              |       |       |     4 |     4 ||     8
Invok: Heroism           |       |       |     3 |     3 ||     6
  Use: Scroll            |       |     5 |     8 |       ||    13
 Stab: Sleeping          |     2 |       |       |       ||     2
       Distracted        |       |       |     1 |       ||     1
Armor: Leather armour    |    24 |       |       |       ||    24
       Ring mail         |    20 |    40 |    18 |   147 ||   225
       Troll leather arm |       |    13 |   267 |       ||   280
Dodge: Dodged            |    50 |   105 |   602 |   371 ||  1128
Block: Other             |       |    49 |   147 |    90 ||   286

Table legend: (Time is in decaauts)
 A = Elapsed time spent in this place.
 B = Non-inter-level travel time spent in this place.
 C = Inter-level travel time spent in this place.
 D = Time resting spent in this place.
 E = Time spent auto-exploring this place.
 F = Levels seen in this place.
 G = Mean time per level.
                   A        B        C        D        E       F      G
               +--------+--------+--------+--------+--------+-----+--------+
         Total |  13111 |  12841 |    270 |    540 |   7617 |  12 | 1092.6 |
       Dungeon |  12622 |  12423 |    199 |    540 |   7341 |  10 | 1262.2 |
        Temple |    149 |     78 |     71 |      0 |     57 |   1 |  149.0 |
         Sewer |    340 |    340 |      0 |      0 |    218 |   1 |  340.0 |
               +--------+--------+--------+--------+--------+-----+--------+

Top non-repeatable levels by time:
     D:9: 2430 daAuts
     D:7: 1755 daAuts
     D:8: 1708 daAuts
     D:1: 1609 daAuts
     D:6: 1176 daAuts
     D:4: 1046 daAuts
     D:5: 1046 daAuts
     D:3: 1013 daAuts
     D:2: 827 daAuts
   Sewer: 340 daAuts
  Temple: 149 daAuts
    D:10: 7 daAuts
